 Dungeon Crawl Stone Soup version 0.17-b1-33-gd9cf236 (webtiles) character file.

1414 Kloppie the Carver (level 8, -2/96 HPs)
             Began as a Minotaur Berserker on Nov 6, 2015.
             Was an Elder of Trog.
             Slain by an orc
             ... wielding a +2 trident of distortion
              (5 damage)
             ... on level 6 of the Dungeon.
             The game lasted 00:09:30 (4881 turns).

Kloppie the Carver (Minotaur Berserker)             Turns: 4881, Time: 00:09:30

Health: -2/96      AC: 10    Str: 30    XL:     8   Next: 43%
Magic:  7/7        EV: 11    Int:  4    God:    Trog [****..]
Gold:   219        SH:  0    Dex:  9    Spells: 0 memorised, 7 levels left

rFire  . . .     SeeInvis .     u - +0 long sword
rCold  . . .     Clarity  .     f - +0 scale mail
rNeg   . . .     SustAt   .     (no shield)
rPois  .         Gourm    .     (helmet restricted)
rElec  .         Spirit   .     (no cloak)
rCorr  .         Warding  .     (no gloves)
rMut   .         Stasis   .     x - +1 pair of boots
MR     .....                    (no amulet)
Stlth  ..........               z - +3 ring of slaying
                                (no ring)

@: berserking, very quick, not resistant to hostile enchantments, extremely
unstealthy
A: retaliatory headbutt, horns 2
a: Berserk, Trog's Hand, Brothers in Arms, Burn Spellbooks, Renounce Religion


You were on level 6 of the Dungeon.
You worshipped Trog.
Trog was greatly pleased with you.
You were not hungry.

You visited 1 branch of the dungeon, and saw 6 of its levels.

You collected 219 gold pieces.

Inventory:

Hand Weapons
 a - a +0 falchion
 u - a +0 long sword (weapon)
Missiles
 k - 8 tomahawks (quivered)
Armour
 f - a +0 scale mail (worn)
 s - a +0 plate armour
 w - the +1 leather armour of the Centipede {*Drain rElec Str+7 Stlth+, unknown}
   (You found it on level 5 of the Dungeon)

   It affects your strength (+7).
   It insulates you from electricity.
   It causes draining when unequipped.
   It makes you more stealthy.
 x - a +1 pair of boots (worn)
Jewellery
 z - a +3 ring of slaying (right hand)
Wands
 q - a wand of magic darts (25)
Scrolls
 h - 2 scrolls of remove curse
 j - a scroll of magic mapping
 m - 5 scrolls of blinking
 n - a scroll of fog
 p - a scroll of teleportation
 v - a scroll of identify
Potions
 d - a potion of might
 e - a potion of mutation
 g - a potion of invisibility
 i - 2 potions of degeneration {unknown}
 r - a potion of flight
 t - 3 potions of cancellation {unknown}
 A - 2 potions of heal wounds
 C - a potion of cure mutation {unknown}
 D - a potion of curing {unknown}
Books
 l - a book of Power

   Spells                             Type                      Level
   a - Fulminant Prism                Conjuration/Hexes            4
   b - Iskenderun's Mystic Blast      Conjuration                  4
   c - Venom Bolt                     Conjuration/Poison           5
   d - Bolt of Magma                  Conjuration/Fire/Earth       5
   e - Iron Shot                      Conjuration/Earth            6
   f - Orb of Destruction             Conjuration                  7
   g - Spellforged Servitor           Conjuration/Summoning        7
   Trog disapproves of the use of such an item.
 o - a book of Unlife

   Spells                             Type                      Level
   a - Recall                         Summoning/Translocation      3
   b - Animate Dead                   Necromancy                   4
   c - Control Undead                 Necromancy                   4
   d - Cigotuvi's Embrace             Necromancy                   5
   e - Death Channel                  Necromancy                   6
   f - Simulacrum                     Ice/Necromancy               6
   Trog disapproves of the use of such an item.
Comestibles
 b - 3 meat rations
 c - 2 bread rations
 B - a chunk of flesh


   Skills:
 - Level 3.6 Fighting
 + Level 8.0 Long Blades
 + Level 5.7 Throwing
 + Level 7.8 Armour
 - Level 2.1 Dodging


You had 7 spell levels left.
You didn't know any spells.

Dungeon Overview and Level Annotations

Branches:
Dungeon (6/15)
 Temple: D:4-7

Altars:
Gozag
Okawaru
Sif Muna
Trog
Zin


Innate Abilities, Weirdness & Mutations

You reflexively headbutt those who attack you in melee.
You have a pair of horns on your head.


Message History

* * * LOW HITPOINT WARNING * * *
The jackal closely misses you.
You barely miss the orc warrior.
The orc warrior is lightly wounded.
The orc barely misses you. The jackal bites you.
* * * LOW HITPOINT WARNING * * *
The orc hits you with a hand axe.
* * * LOW HITPOINT WARNING * * *
The orc warrior hits you with a glaive!
* * * LOW HITPOINT WARNING * * *
You hit the orc warrior. Your headbutt misses the orc warrior.
The orc warrior is moderately wounded.
The jackal barely misses you. The orc barely misses you.
The orc hits you but does no damage. The jackal barely misses you.
A red film seems to cover your vision as you go berserk!
You feel yourself moving faster!
You feel mighty!
You feel somewhat more hungry. The orc warrior hits you with a glaive!
* * * LOW HITPOINT WARNING * * *
The orc hits you from afar with a trident of distortion.
You die...

.....
######......
#...........
#../......#
#!........##
#...........
#(.o.......%
#.h@.o......
#.o.........
#.........$.
#...........
#########...
#.


You could see an orc warrior, 2 orcs and a jackal.

Vanquished Creatures
  The ghost of happy2pester the Cudgeler, an amateur HOGl (D:3)
  Sigmund (D:3)
  2 ogres (D:5)
  A centaur (D:5)
  A scorpion (D:4)
  A giant frog zombie (D:5)
  A crimson imp (D:5)
  3 orc priests
  A hound (D:4)
  Ijyb (D:3)
  3 orc wizards
  3 giant frog skeletons
  Natasha (D:1)
  6 worker ants
  A gnoll (D:2)
  Robin (D:3)
  6 adders
  2 oozes
  5 giant geckos
  20 orcs
  16 goblins
  13 hobgoblins
  6 jackals
  2 ball pythons
  10 bats
  5 giant cockroaches
  4 giant newts
  10 kobolds
  11 rats
138 creatures vanquished.

Notes
Turn   | Place    | Note
--------------------------------------------------------------
     0 | D:1      | Kloppie the Minotaur Berserker began the quest for the Orb.
     0 | D:1      | Reached XP level 1. HP: 19/19 MP: 0/0
   603 | D:1      | Reached XP level 2. HP: 26/26 MP: 1/1
   683 | D:1      | Reached skill level 1 in Throwing
   751 | D:1      | Reached skill level 4 in Long Blades
   983 | D:1      | Reached ** piety under Trog
  1137 | D:2      | Noticed Natasha
  1148 | D:1      | Killed Natasha
  1148 | D:1      | Reached XP level 3. HP: 12/31 MP: 2/2
  1474 | D:2      | Reached XP level 4. HP: 32/39 MP: 3/3
  1733 | D:2      | You fall through a shaft for 2 floors!
  1743 | D:4      | Reached XP level 5. HP: 38/45 MP: 4/4
  1799 | D:4      | Reached skill level 5 in Long Blades
  2080 | D:4      | Reached skill level 5 in Armour
  2233 | D:4      | Reached XP level 6. HP: 48/51 MP: 5/5
  2283 | D:2      | Found a bloodstained altar of Trog.
  2641 | D:2      | Reached *** piety under Trog
  2728 | D:2      | Found an iron altar of Okawaru.
  3252 | D:3      | Noticed happy2pester's ghost (amateur HOGl)
  3266 | D:3      | Killed happy2pester's ghost
  3266 | D:3      | Reached skill level 6 in Long Blades
  3266 | D:3      | Reached XP level 7. HP: 52/57 MP: 6/6
  3308 | D:3      | Noticed Sigmund
  3320 | D:3      | Killed Sigmund
  3674 | D:3      | Reached **** piety under Trog
  3687 | D:3      | Noticed Robin
  3690 | D:3      | Killed Robin
  3906 | D:3      | Noticed Ijyb
  3907 | D:3      | Reached skill level 7 in Long Blades
  3913 | D:3      | Killed Ijyb
  4426 | D:5      | Entered Level 5 of the Dungeon
  4448 | D:5      | Reached skill level 5 in Throwing
  4452 | D:5      | Reached XP level 8. HP: 52/64 MP: 7/7
  4571 | D:5      | Got a steaming leather armour
  4647 | D:5      | Found an opulent altar of Gozag.
  4729 | D:5      | Found a deep blue altar of Sif Muna.
  4782 | D:5      | Found a glowing silver altar of Zin.
  4865 | D:5      | Reached skill level 8 in Long Blades
  4881 | D:6      | HP: 3/96 [orc warrior/glaive (7)]
  4881 | D:6      | Slain by an orc

Action                   |  1- 3 |  4- 6 |  7- 9 || total
-------------------------+-------+-------+-------++-------
Melee: Falchion          |    70 |   137 |       ||   207
       Long sword        |       |    12 |   131 ||   143
Throw: Tomahawk          |       |     5 |    19 ||    24
Invok: Berserk           |     1 |     1 |     2 ||     4
       Trog's Hand       |       |     1 |       ||     1
  Use: Scroll            |       |       |    15 ||    15
  Eat: Chunk             |     1 |     3 |     8 ||    12
       Bread ration      |       |     1 |       ||     1
